 Dungeon Crawl Stone Soup version 0.31-a0-180-g519b7de00c (webtiles) character file.

Game seed: 3509671901763465573

778 qw the Shooter (level 7, 0/66 HPs)
             Began as a Naga Hunter on June 19, 2023.
             Frozen to death by an endoplasm (2 damage)
             ... on level 4 of the Dungeon.
             The game lasted 00:00:48 (2105 turns).

qw the Shooter (Naga Hunter)                        Turns: 2105, Time: 00:00:48

Health: 0/66       AC:  3    Str: 13    XL:     7   Next: 85%
Magic:  7/7        EV: 10    Int: 10    God:
Gold:   137        SH:  0    Dex: 16    Spells: 6/6 levels left

rFire   . . .        e - +0 shortbow (heavy)
rCold   . . .        (shield currently unavailable)
rNeg    . . .        c - +0 leather armour
rPois   +            (no helmet)
rElec   .            (no cloak)
rCorr   .            (no gloves)
SInv    +            (no barding)
Will    +....        (no amulet)
Stlth   ++           d - ring of willpower
HPRegen 0.31/turn    (no ring)
MPRegen 0.10/turn

%: no passive effects
@: short of breath, very slow
A: AC +2, large, see invisible, deformed body, poison resistance, slowness 2,
spit poison 1, naga tail 1
a: Spit Poison


You were on level 4 of the Dungeon.
You visited 1 branch of the dungeon, and saw 4 of its levels.

You collected 137 gold pieces.


Innate Abilities, Weirdness & Mutations

Your serpentine skin is tough. (AC +2)
You have supernaturally acute eyesight. (SInv)
Armour fits poorly on your strangely shaped body.
Your system is resistant to poisons. (rPois)
You cover ground very slowly.
You can spit poison.
You have a snake-like lower body.


   Skills:
 - Level 4.7 Fighting
 + Level 7.3 Ranged Weapons
 - Level 2.4 Dodging
 - Level 1.5 Stealth


You had 6 spell levels left.
You didn't know any spells.
Your spell library was empty.

Inventory:

Hand Weapons
 e - a +0 heavy shortbow (weapon)
Armour
 c - a +0 leather armour (worn)
 n - a +2 pair of gloves
Jewellery
 d - a ring of willpower (left hand)
 j - a ring of wizardry
 k - a +6 ring of strength
Scrolls
 b - 2 scrolls of identify
 h - a scroll of brand weapon
Potions
 a - a potion of ambrosia {unknown}
 f - a potion of might
 g - 2 potions of mutation
 i - a potion of enlightenment {unknown}
 l - a potion of attraction {unknown}
 m - a potion of degeneration {unknown}
 o - a potion of lignification {unknown}

Dungeon Overview and Level Annotations

Branches:
Dungeon (4/15)
 Temple: D:4-7

Altars:

Annotations:
D:4 Dowan


Message History

You shoot an arrow. The arrow hits Pargi!!
Pargi is heavily wounded.
Pargi bites you. Pargi claws you. Pargi claws you but does no damage.
The endoplasm freezes you.
You are frozen.
Dowan mumbles some strange words.
Dowan blinks!
The endoplasm freezes you.
You are frozen.
Pargi looks very sad for a moment.
Pargi bites you. Pargi barely misses you. Pargi claws you.
Dowan mumbles some strange words.
Dowan blinks!
You shoot an arrow. The arrow hits Pargi!
Pargi is almost dead.
You have got your breath back.
Dowan gestures wildly while chanting.
Dowan blinks!
The endoplasm freezes you.
You are frozen.
Pargi barely misses you. Pargi claws you. x2
2103 ||| INVOKING Spit Poison.
Aiming: Spit Poison (1% risk of failure)
Press: ? - help, Shift-Dir - straight line, f/p - Pargi The splash of poison hits Pargi.
Pargi is poisoned.
Pargi is almost dead.
Pargi bites you. Pargi claws you. Pargi claws you but does no damage.
The endoplasm freezes you.
You are frozen.
You shoot an arrow. The arrow hits Pargi!
You kill Pargi!
The endoplasm freezes you.
You are frozen.
Dowan hits you with a +0 dagger. The endoplasm misses you.
Dowan completely misses you.
Your Dodging skill increases to level 2!
You shoot an arrow. The arrow hits Dowan!
Dowan is moderately wounded.
Dowan closely misses you. The endoplasm freezes you.
You are frozen.
You die...

...... ##.# .....##...#
..e......# ##....
......#.# ..... . .##.
.....#.# ....##. ...
$.. #.# ...... .... #.#
#.#
....#####...##.##e###.#
.[.............J@....>#
......<#######+######.#
..)....##.........# #.#
..#.....#.........# #.#
..#.....+.........# #.#
..#.....#.........# #.#
..#...............# #.#
#...#........#+##.###.#
....#.................#


You could see Dowan (fast) and an endoplasm.

Vanquished Creatures
  Grinder (D:3)
  Edmund (D:4)
  Duvessa (D:4)
  Pargi (D:4)
  2 scorpions (D:4)
  An orc priest (D:3)
  An orc wizard (D:3)
  A gnoll (D:1)
  6 adders
  2 worms
  5 orcs
  4 ball pythons
  2 bats (D:1)
  2 endoplasms
  A giant cockroach (D:1)
  4 goblins
  5 hobgoblins
  4 kobolds
  2 quokkas
  2 frilled lizards
  4 rats
52 creatures vanquished.

Notes
Turn   | Place    | Note
-------+----------+-------------------------------------------
     0 | D:1      | qw the Naga Hunter began the quest for the Orb.
     0 | D:1      | Reached XP level 1. HP: 19/19 MP: 1/1
     0 | D:1      | 0 ||| qw: Version: 0.3-a-7-ge0c9b40
     0 | D:1      | 0 ||| qw: Game counter: 888
     0 | D:1      | 0 ||| qw: Always use a shield: true
     0 | D:1      | 0 ||| qw: God list: Okawaru
     0 | D:1      | 0 ||| qw: Allow faded altars: false
     0 | D:1      | 0 ||| qw: Do Orc after D:15 true
     0 | D:1      | 0 ||| qw: Do second Lair branch before Depths: true
     0 | D:1      | 0 ||| qw: Lair rune preference: random
     0 | D:1      | 0 ||| qw: Plans: Normal
     0 | D:1      | 0 ||| PLANNING D:1-11
    51 | D:1      | 51 ||| INVOKING Spit Poison.
   144 | D:1      | 144 ||| INVOKING Spit Poison.
   149 | D:1      | 149 ||| INVOKING Spit Poison.
   151 | D:1      | Reached skill level 4 in Ranged Weapons
   151 | D:1      | Reached XP level 2. HP: 7/26 MP: 2/2
   238 | D:1      | 238 ||| INVOKING Spit Poison.
   324 | D:1      | 324 ||| INVOKING Spit Poison.
   330 | D:1      | 330 ||| INVOKING Spit Poison.
   361 | D:1      | 361 ||| INVOKING Spit Poison.
   369 | D:1      | 369 ||| INVOKING Spit Poison.
   549 | D:1      | 549 ||| INVOKING Spit Poison.
   554 | D:1      | 554 ||| INVOKING Spit Poison.
   574 | D:1      | 574 ||| INVOKING Spit Poison.
   705 | D:1      | 705 ||| INVOKING Spit Poison.
   750 | D:1      | 750 ||| READING scroll labelled ZOEMPIO SIFU.
   751 | D:1      | 751 ||| READING scroll labelled SIG OQIETEAWK.
   752 | D:1      | 752 ||| DROPPING scroll of butterflies.
   775 | D:2      | 775 ||| INVOKING Spit Poison.
   780 | D:2      | Reached XP level 3. HP: 31/32 MP: 3/3
   780 | D:2      | 780 ||| INVOKING Spit Poison.
   781 | D:2      | 781 ||| STAIRDANCE
   869 | D:2      | 869 ||| INVOKING Spit Poison.
   885 | D:2      | 885 ||| INVOKING Spit Poison.
   890 | D:2      | 890 ||| INVOKING Spit Poison.
   891 | D:2      | 891 ||| INVOKING Spit Poison.
   895 | D:2      | 895 ||| INVOKING Spit Poison.
   899 | D:2      | 899 ||| INVOKING Spit Poison.
   920 | D:2      | 920 ||| INVOKING Spit Poison.
   979 | D:2      | 979 ||| INVOKING Spit Poison.
  1011 | D:2      | 1011 ||| INVOKING Spit Poison.
  1070 | D:2      | Found a faded altar of an unknown god.
  1113 | D:2      | 1113 ||| INVOKING Spit Poison.
  1146 | D:2      | 1146 ||| INVOKING Spit Poison.
  1150 | D:2      | 1150 ||| INVOKING Spit Poison.
  1151 | D:2      | Reached skill level 5 in Ranged Weapons
  1151 | D:2      | Reached XP level 4. HP: 35/39 MP: 4/4
  1368 | D:2      | 1368 ||| UPGRADING to ring of willpower.
  1369 | D:2      | 1369 ||| READING scroll labelled LEHI PAXOTAEWK.
  1370 | D:2      | 1370 ||| READING scroll labelled QUSEUT ULIT.
  1371 | D:2      | 1371 ||| READING scroll labelled ZARPHAKO TIFEICS.
  1372 | D:2      | 1372 ||| READING scroll labelled ZESEOR OCHI.
  1473 | D:2      | 1473 ||| READING scroll labelled NOD PUWAMIFEA.
  1478 | D:2      | 1478 ||| READING 3 scrolls of identify.
  1478 | D:2      | 1478 ||| IDENTIFYING clear potion
  1479 | D:2      | 1479 ||| READING 2 scrolls of identify.
  1479 | D:2      | 1479 ||| IDENTIFYING metallic puce potion
  1520 | D:3      | 1520 ||| INVOKING Spit Poison.
  1524 | D:3      | 1524 ||| INVOKING Spit Poison.
  1542 | D:3      | 1542 ||| INVOKING Spit Poison.
  1589 | D:3      | 1589 ||| INVOKING Spit Poison.
  1617 | D:3      | 1617 ||| INVOKING Spit Poison.
  1622 | D:3      | 1622 ||| INVOKING Spit Poison.
  1661 | D:3      | 1661 ||| INVOKING Spit Poison.
  1663 | D:3      | Reached skill level 3 in Fighting
  1665 | D:3      | 1665 ||| INVOKING Spit Poison.
  1667 | D:3      | Reached XP level 5. HP: 33/49 MP: 5/5
  1769 | D:3      | Noticed Grinder
  1780 | D:3      | Killed Grinder
  1781 | D:3      | Reached skill level 6 in Ranged Weapons
  1781 | D:3      | Reached XP level 6. HP: 47/56 MP: 6/6
  1921 | D:3      | 1921 ||| DROPPING ring of magical power.
  1959 | D:4      | 1959 ||| INVOKING Spit Poison.
  1980 | D:4      | 1980 ||| INVOKING Spit Poison.
  1983 | D:4      | 1983 ||| INVOKING Spit Poison.
  1986 | D:4      | Noticed Edmund
  1988 | D:4      | 1988 ||| INVOKING Spit Poison.
  1991 | D:4      | Killed Edmund
  1992 | D:4      | Reached XP level 7. HP: 63/66 MP: 7/7
  2016 | D:4      | 2016 ||| INVOKING Spit Poison.
  2030 | D:4      | 2030 ||| INVOKING Spit Poison.
  2042 | D:4      | 2042 ||| INVOKING Spit Poison.
  2050 | D:4      | 2050 ||| INVOKING Spit Poison.
  2073 | D:4      | 2073 ||| INVOKING Spit Poison.
  2089 | D:4      | Noticed Duvessa
  2089 | D:4      | Noticed Pargi
  2090 | D:4      | Noticed Dowan
  2092 | D:4      | 2092 ||| INVOKING Spit Poison.
  2093 | D:4      | 2093 ||| Stepping ~*~*~tactically~*~*~ (outnumbered).
  2095 | D:4      | 2095 ||| INVOKING Spit Poison.
  2097 | D:4      | Killed Duvessa
  2098 | D:4      | Reached skill level 7 in Ranged Weapons
  2100 | D:4      | 2100 ||| INVOKING Spit Poison.
  2102 | D:4      | HP: 15/66 [Pargi (3)]
  2103 | D:4      | 2103 ||| INVOKING Spit Poison.
  2104 | D:4      | Killed Pargi
  2104 | D:4      | HP: 4/66 [frozen (5)]
  2105 | D:4      | Frozen to death by an endoplasm

Levels and vault maps discovered:
D:1:      erik_arrival_triangle_medium, layout_loops_ring
D:2:      layout_rooms, dreamdust_ecumenical_altar_hidden_monk_grotto
D:3:      layout_rooms, uniq_grinder
D:4:      layout_basic, nicolae_ashenzari_panopticon,
          nicolae_shop_sticking_my_neck_out, uniq_duvessa, uniq_pargi,
          uniq_edmund

Skill      XL: |  1  2  3  4  5  6  7 |
---------------+----------------------+-----
Ranged Weapons | 4 5 6 7 |  7.3
Fighting       | 3 4 |  4.7
Dodging        | 2 |  2.4
Stealth        | |  1.5

Action                     |  1- 3 |  4- 6 |  7- 9 || total
---------------------------+-------+-------+-------++-------
   Fire: Shortbow          |    47 |    42 |    21 ||   110
Ability: Spit Poison       |    25 |    12 |     9 ||    46
    Use: Scroll            |     2 |     7 |       ||     9
 Armour: Leather armour    |     2 |       |     5 ||     7
  Dodge: Dodged            |     9 |     6 |    16 ||    31

Table legend:
 A = Non-vault XP
 B = Vault XP
 C = Vault XP percentage of total XP
 D = Non-vault monster count
 E = Vault monster count
 F = Vault count percentage of total count
                 A         B        C        D         E       F
            +---------+---------+-------+---------+---------+-------
      Total |     409 |     703 |  63.2 |      48 |       4 |   7.7
            +---------+---------+-------+---------+---------+-------
        D:1 |      37 |       0 |   0.0 |      14 |       0 |   0.0
        D:2 |      53 |       0 |   0.0 |      11 |       0 |   0.0
        D:3 |     115 |     258 |  69.2 |      13 |       1 |   7.1
        D:4 |     204 |     445 |  68.6 |      10 |       3 |  23.1
            +---------+---------+-------+---------+---------+-------
